 Dungeon Crawl Stone Soup version 0.22-a0-273-g3d7ae589ec (webtiles) character file.

722015 Murumi the Slayer (level 27, -7/173 HPs)
             Began as a Gargoyle Fighter on Mar 12, 2018.
             Was the Champion of the Shining One.
             Killed from afar by an orb of fire (22 damage)
             ... with a fireball
             ... on level 5 of the Realm of Zot on Mar 13, 2018.
             The game lasted 06:19:22 (73653 turns).

Murumi the Slayer (Gargoyle Fighter)               Turns: 73653, Time: 06:19:23

Health: -7/173     AC: 64    Str: 39    XL:     27
Magic:  39/39      EV: 12    Int: 17    God:    the Shining One [******]
Gold:   9208       SH: 31    Dex:  7    Spells: 26/26 levels left

rFire    + + .     SeeInvis .   F - +8 eveningstar (holy)
rCold    + + .     Gourm    .   c - +0 shield
rNeg     + + +     Faith    .   x - +12 gold dragon scales
rPois    ∞         Spirit   .   w - +2 hat {MR+}
rElec    +         Reflect  +   L - scarf {repulsion}
rCorr    .         Harm     .   I - +2 pair of gloves {Str+3}
MR       +++..     Rnd*Rage +   V - +0 pair of boots of Sovereignty {Str+7 Dex-3} Stlth ..........NoTele +
                                b - brooch of Shielding {Reflect SH+8}
HPRegen  0.38/turn              p - ring "Koanodix" {rF+ rC+ rN+ Dex+3}
MPRegen  0.26/turn              e - ring of Aguf {-Tele rN+ Str+4 Int+2 Stlth+}

@: flying, glowing, studying Throwing, repel missiles
A: big wings, large bone plates 1, slimy green scales 1, yellow scales 1,
berserk 1, clumsy 1, deformed body, deterioration 1, frail 1, negative energy
resistance 1, screaming 2, electricity resistance, weak 1, unbreathing,
petrification resistance, rot immunity, AC +20
}: 3/15 runes: decaying, serpentine, silver
a: Stop Flying, Divine Shield, Cleansing Flame, Summon Divine Warrior, Renounce
Religion


You were on level 5 of the Realm of Zot.
You worshipped the Shining One.
The Shining One was exalted by your worship.
You were hungry.

You visited 11 branches of the dungeon, and saw 53 of its levels.
You also visited: Labyrinth and Bailey.

You collected 11078 gold pieces.
You spent 1870 gold pieces at shops.

Inventory:

Hand Weapons
 F - a +8 eveningstar of holy wrath (weapon)
Missiles
 h - 1403 stones (quivered)
Armour
 c - a +0 shield (worn)
 l - a +2 large shield
 w - a +2 hat of magic resistance (worn)
 x - +12 gold dragon scales (worn)
 I - a +2 pair of gloves of strength (worn)
 L - a scarf of repulsion (worn)
 V - the +0 pair of boots of Sovereignty (worn) {Str+7 Dex-3}
   (You found it on level 3 of the Elven Halls)

   It affects your strength (+7).
   It affects your dexterity (-3).
Jewellery
 b - the brooch of Shielding (around neck) {Reflect SH+8}
   (You bought it in a shop on level 1 of the Elven Halls)

   [amulet of reflection]

   It shields you and reflects attacks.
   It affects your SH (+8).
 d - an uncursed ring of resist corrosion
 e - the ring of Aguf (right hand) {-Tele rN+ Str+4 Int+2 Stlth+}
   (You found it on level 3 of the Elven Halls)

   [ring of stealth]

   It affects your strength (+4).
   It affects your intelligence (+2).
   It protects you from negative energy.
   It prevents most forms of teleportation.
   It makes you more stealthy.
 p - the ring "Koanodix" (left hand) {rF+ rC+ rN+ Dex+3}
   (You found it on level 3 of the Crypt)

   [ring of protection from fire]

   It affects your dexterity (+3).
   It protects you from fire.
   It protects you from cold.
   It protects you from negative energy.
 s - an uncursed ring of protection from magic
 O - an uncursed amulet of guardian spirit
 U - an uncursed ring of protection from magic
 X - an uncursed ring of protection from fire
Wands
 a - a wand of digging (22)
 n - a wand of iceblast (59)
 y - a wand of paralysis (59)
 E - a wand of polymorph (13)
 M - a wand of disintegration (63)
 P - a wand of acid (33)
 Q - a wand of flame (102)
 Y - a wand of scattershot (16)
 Z - a wand of enslavement (8)
Scrolls
 i - 14 scrolls of teleportation
 k - 7 scrolls of blinking
 o - 9 scrolls of fog
 r - 3 scrolls of enchant armour
 t - 31 scrolls of remove curse
 u - 18 scrolls of identify
 C - 14 scrolls of fear
 K - 2 scrolls of holy word
 N - 3 scrolls of magic mapping
 T - 5 scrolls of summoning
Potions
 g - 4 potions of agility
 j - 8 potions of heal wounds
 m - 31 potions of curing
 q - 6 potions of cancellation
 v - 8 potions of lignification
 z - 2 potions of resistance
 A - 3 potions of might
 B - 7 potions of mutation
 G - 6 potions of berserk rage
 H - 3 potions of ambrosia
 J - 5 potions of haste
 W - 5 potions of brilliance
Books
 D - a manual of Throwing
Comestibles
 f - 68 rations


   Skills:
 - Level 25.0 Fighting
 - Level 23.0 Maces & Flails
 - Level 24.0 Armour
 - Level 12.0 Dodging
 + Level 24.2 Shields
 - Level 24.0 Invocations


You had 26 spell levels left.
You didn't know any spells.

Dungeon Overview and Level Annotations

Branches:
Dungeon (15/15)            Temple (1/1) D:5            Lair (6/6) D:8
  Swamp (4/4) Lair:4        Snake (4/4) Lair:2        Slime (0/5) Lair:6
    Orc (2/2) D:9             Elf (3/3) Orc:2        Vaults (5/5) D:13
  Crypt (3/3) Vaults:3       Tomb (0/3) Crypt:3      Depths (5/5) D:15
    Zot (5/5) Depths:5

Altars:
Ashenzari
Cheibriados
Dithmenos
Elyvilon
Fedhas
Gozag
Hepliaklqana
Kikubaaqudgha
Makhleb
Nemelex Xobeh
Okawaru
Qazlal
Ru
Sif Muna
Trog
Uskayaw
Vehumet
Wu Jian
Xom
Yredelemnul
Zin
The Shining One
Beogh
Jiyva

Shops:
D:6 (   D:10 }   D:11 (   Orc:1 [   Orc:2 [*=(   Elf:1 (}==   Elf:2 (
Snake:1 [   Vaults:3 (   Depths:2 =

Portals:
Hell: Depths:1 Depths:2 Depths:3 Depths:4 Depths:5
Abyss: Depths:2 Depths:4 Depths:5
Pandemonium: Depths:3 Depths:5
Ziggurat: Depths:3


Innate Abilities, Weirdness & Mutations

You are resistant to torment.
Your stone body is resilient. (AC +20)
You are immune to poison.
Your large and strong wings let you fly indefinitely.
You resist negative energy. (rN+)
You are resistant to electric shocks. (rElec)
You can survive without breathing.
You are immune to petrification.
You are immune to rotting.
You are partially covered in large bone plates. (SH +4)
You are partially covered in slimy green scales. (AC +2)
You are partially covered in yellow scales. (AC +2)
You tend to lose your temper in combat.
You are clumsy. (Dex -2)
Armour fits poorly on your strangely shaped body.
Your body sometimes deteriorates upon taking damage.
You are frail. (-10% HP)
You sometimes yell uncontrollably at your foes.
You are weak. (Str -2)


Message History

* * * LOW HITPOINT WARNING * * *
The orb of fire glows bright magenta.
The bolt of fire hits the orb of fire.
The orb of fire completely resists.
The bolt of fire hits you!
The orb of fire glows yellow.
The bolt of fire hits the orb of fire.
The orb of fire completely resists.
The bolt of fire hits you! You resist.
* * * LOW HITPOINT WARNING * * *
You feel much better.
The orb of fire glows yellow.
Strange energies course through your body.
You feel yourself wasting away.
You stick the orb of fire like a pincushion!!!
You destroy the orb of fire!
The orb of fire emits a lurid red light.
The bolt of fire hits you! You resist.
* * * LOW HITPOINT WARNING * * *
The orb of fire glows deep purple.
The fireball explodes!
The fireball engulfs you! You resist.
You die...

.# ##############.## #... ##
#..# #### ########
########.######## .......##
#...............# ........##
#.............## .........##
#.............# ..........#
##...........## ....^.....#
#......!....# ......^...#
##.@^........## .)........#
#.............# ....^.....#
##.............#
[.........###...............#
(..^^....###*..###########...
........##....## ##...
.......(†)..### ##..
##▓▓#▓▓▓▓▓▓▓# ▓▓▓


You could see an orb of fire.

Vanquished Creatures
  2 orbs of fire
  Mara (Swamp:4)
  8 ancient liches
  3 juggernauts (Depths:5)
  Sojobo (Depths:1)
  Margery (Vaults:1)
  Saint Roka (Orc:1)
  2 Killer Klowns
  7 caustic shrikes
  2 curse toes
  Xtahua (Depths:3)
  The ghost of NihilVerum the Lord of Darkness, a veteran DsNe of Kikubaaqudgha (Depths:4)
  18 golden dragons
  3 bone dragons
  5 electric golems
  Rupert (D:12)
  9 Orb Guardians (Zot:5)
  4 liches (Crypt:3)
  22 tentacled monstrosities
  2 deep elf blademasters
  9 titans
  An acid blob (shapeshifter) (Vaults:5)
  7 quicksilver dragons
  13 death cobs
  9 sphinxes
  Gastronok (Lair:1)
  8 acid blobs
  Frances (Elf:1)
  The ghost of hell0 the Thaumaturge, an adept GnVM of Okawaru (Snake:2)
  7 ancient champions
  9 tengu reavers
  Donald (Snake:4)
  7 draconian monks
  20 storm dragons
  13 shadow dragons
  11 nagarajas
  18 frost giants
  6 draconian knights
  8 fire giants
  16 vault wardens
  Louise (Swamp:1)
  3 iron dragons
  8 deep elf sorcerers
  9 deep elf elementalists
  A juggernaut zombie (D:15)
  4 ghost moths
  6 draconian scorchers
  Aizul (Snake:4)
  3 curse skulls (Crypt:3)
  3 orc warlords
  5 draconian stormcallers
  4 ghouls
  3 war gargoyles
  7 draconian shifters
  6 draconian annihilators
  12 ironheart preservers
  2 spriggan defenders (Depths:3)
  4 entropy weavers
  31 very ugly things
  35 stone giants
  7 green draconians
  13 deep elf annihilators
  8 vampire knights
  7 purple draconians
  5 black draconians
  8 deep elf demonologists
  A minotaur (shapeshifter) (Depths:5)
  A minotaur (Lab)
  10 white draconians
  9 spark wasps
  Azrael (Orc:2)
  A spark wasp (shapeshifter) (Depths:3)
  26 yellow draconians
  11 deep elf death magi
  11 ettins
  4 eidola
  Josephine (Lair:4)
  20 fire dragons
  15 deep elf high priests
  27 vault guards
  15 yaktaur captains
  10 jiangshi
  10 great orbs of eyes
  9 ice dragons
  17 naga warriors
  Fannar (D:11)
  8 rakshasas
  18 hydras
  4 catoblepae
  A ghost crab (Swamp:4)
  6 centaur warriors
  6 death knights
  A spriggan air mage (Depths:3)
  14 anacondas
  11 deep troll earth magi
  56 two-headed ogres
  8 alligators
  16 ogre magi
  9 tengu warriors
  4 death yaks (Lair:6)
  13 deep troll shamans
  Urug (Orc:2)
  8 vampire magi
  36 dancing weapons
  11 naga sharpshooters
  4 orc high priests
  6 shock serpents
  5 spriggan berserkers
  4 iron trolls
  33 deep elf knights
  A fire crab (shapeshifter) (Depths:4)
  6 small abominations
  2 shadow wraiths
  A sun demon (Depths:5)
  7 spriggans
  7 salamander mystics
  2 storm dragon skeletons
  30 deep trolls
  23 hell knights
  2 death drakes
  28 skeletal warriors
  A sea snake (shapeshifter) (Vaults:4)
  3 spectral hydras (Swamp:4)
  5 glowing orange brains
  3 wizards
  A shadow demon (Depths:5)
  An anaconda zombie (Crypt:3)
  3 unseen horrors
  22 deep elf archers
  2 shambling mangroves
  10 naga ritualists
  A deep troll (shapeshifter) (Depths:3)
  10 phantasmal warriors
  A shadow dragon zombie (D:15)
  8 flayed ghosts
  A swamp dragon (shapeshifter) (Depths:5)
  An orange crystal statue (Elf:2)
  A swamp dragon (Swamp:1)
  7 harpies (Vaults:3)
  8 necromancers
  20 orc knights
  12 ironbrand convokers
  5 oklob plants
  A wolf spider zombie (D:13)
  6 orc sorcerers
  A sphinx skeleton (Vaults:3)
  A tengu skeleton (Vaults:3)
  A fire giant zombie (Depths:1)
  5 wolf spiders
  48 ugly things
  83 deep elf magi
  9 mana vipers
  4 manticores
  9 salamanders
  3 shadow dragon skeletons
  21 moths of wrath
  2 cyclopes
  13 elephants
  5 guardian serpents (Snake:4)
  41 black mambas
  A rust devil (Depths:5)
  A black mamba (shapeshifter) (Depths:5)
  19 vault sentinels
  2 fire giant skeletons
  2 guardian serpents (shapeshifter)
  26 spiny frogs
  12 naga magi
  2 gargoyles (D:15)
  Psyche (D:8)
  49 yaktaurs
  2 rime drakes
  3 swamp worm zombies (Swamp:4)
  4 freezing wraiths
  2 komodo dragons (shapeshifter)
  2 efreet
  A hellwing (Depths:5)
  11 komodo dragons
  A grey draconian skeleton (Crypt:3)
  A pale draconian skeleton (Crypt:1)
  A guardian mummy (Crypt:3)
  4 red devils (Elf:1)
  A green draconian skeleton (Crypt:1)
  15 hornets
  A queen bee (shapeshifter) (Vaults:4)
  3 tengu conjurers
  A troll (shapeshifter) (Depths:1)
  5 trolls
  8 tyrant leeches
  A harpy zombie (Crypt:2)
  48 slime creatures
  2 hydra zombies
  2 jumping spiders
  2 spectral swamp dragons (Swamp:4)
  An alligator zombie (Swamp:4)
  A hydra skeleton (Crypt:3)
  A stone giant simulacrum (Vaults:3)
  31 blink frogs
  12 bog bodies
  14 hippogriffs
  A hippogriff (shapeshifter) (Vaults:4)
  A spriggan zombie (D:15)
  6 flying skulls
  An ice dragon zombie (Depths:1)
  A redback (shapeshifter) (Vaults:4)
  8 redbacks
  3 air elementals
  16 humans (D:12)
  3 ettin skeletons
  2 vampires (D:13)
  13 shadows
  6 fire elementals
  10 water elementals
  3 wyverns
  17 wraiths
  A basilisk (shapeshifter) (Depths:3)
  A black mamba skeleton (Crypt:1)
  A human (shapeshifter) (Depths:1)
  55 yaks
  2 elf zombies
  A neqoxec (Depths:5)
  6 basilisks
  2 steam dragons
  13 vampire mosquitoes
  The ghost of highc0 the Chucker, an amateur HuAr (D:3)
  Menkaure (D:7)
  7 wargs
  17 insubstantial wisps (Swamp:4)
  9 swamp worms
  A naga (shapeshifter) (D:14)
  48 nagas
  A two-headed ogre zombie (Crypt:1)
  2 acid dragons
  15 water moccasins
  A spiny frog zombie (Crypt:1)
  A two-headed ogre skeleton (Crypt:1)
  3 floating eyes
  2 hell hounds (Orc:2)
  A spiny frog skeleton (Crypt:1)
  18 porcupines
  75 orc warriors
  A black bear (D:10)
  A floating eye (shapeshifter) (Vaults:5)
  5 ice beasts
  44 ogres
  An eye of draining (D:14)
  A sky beast (D:8)
  8 phantoms
  8 swamp drakes
  8 swamp dragon zombies
  14 boggarts
  20 centaurs
  2 elf skeletons
  5 human skeletons (Vaults:3)
  12 crocodiles
  14 bullfrogs
  5 big kobolds
  Blork the orc (Orc:2)
  2 wyvern zombies
  2 gnoll sergeants
  A wyvern skeleton (D:11)
  5 earth elementals
  3 scorpions
  A queen bee zombie (Crypt:1)
  21 wights
  5 electric eels (Bailey)
  7 crimson imps
  12 howler monkeys
  A bullfrog zombie (D:7)
  3 centaur zombies
  7 hounds
  19 orc priests
  18 orc wizards
  27 jellies
  6 centaur skeletons
  4 bullfrog skeletons
  A basilisk skeleton (Crypt:2)
  3 iguanas
  8 worker ants
  4 hell rats (Lair:6)
  A naga zombie (Crypt:2)
  4 hound skeletons
  9 mummies (Crypt:3)
  16 gnolls
  2 swamp drake zombies (Swamp:4)
  12 adders
  8 river rats (Lair:6)
  A scorpion zombie (Crypt:3)
  2 shadow imps
  An adder zombie (D:7)
  An ooze (D:2)
  An iguana skeleton (Crypt:1)
  3 dart slugs
  4 leopard geckos
  124 orcs
  2 ball pythons
  4 giant cockroaches
  12 goblins
  12 hobgoblins
  10 jackals
  4 quokkas
  10 bats
  3 frilled lizards
  A frilled lizard skeleton (Crypt:3)
  29 kobolds
  A leopard gecko skeleton (D:9)
  13 rats
  A butterfly (Lair:1)
  2 crawling corpses (Elf:3)
2702 creatures vanquished.

Vanquished Creatures (others)
  A deep elf master archer (Elf:3)
  2 stone giants
  A spark wasp (Depths:4)
  An ettin (Vaults:5)
  7 yaktaur captains
  6 centaur warriors
  A deep troll shaman (Depths:3)
  A dancing weapon (Elf:3)
  4 naga sharpshooters
  2 deep elf knights
  A shadow wraith (Vaults:4)
  3 deep elf archers
  2 phantasmal warriors (Swamp:4)
  A deep elf mage (Vaults:3)
  A salamander (Snake:2)
  3 cyclopes
  A guardian serpent (Snake:4)
  A naga mage (Snake:2)
  A swamp worm zombie (Swamp:4)
  17 yaktaurs
  2 nagas (Snake:4)
  A warg (Vaults:2)
  2 insubstantial wisps (Swamp:4)
  2 ogres
  3 phantoms (Swamp:4)
  A boggart (Vaults:2)
  5 centaurs
  A bullfrog (D:14)
  An iguana (D:13)
  A swamp drake zombie (Swamp:4)
  3 orcs
  A kobold (D:14)
  2 bushes
  10 fungi
  43 plants
  A withered plant (D:15)
136 creatures vanquished.

Grand Total: 2838 creatures vanquished

Notes
Turn   | Place    | Note
-------+----------+-------------------------------------------
     0 | D:1      | Murumi the Gargoyle Fighter began the quest for the Orb.
     0 | D:1      | Reached XP level 1. HP: 14/14 MP: 1/1
   222 | D:1      | Gained mutation: You are robust. (+10% HP) [potion of mutation]
   222 | D:1      | Gained mutation: You are partially covered in slimy green scales. (AC +2) [potion of mutation]
   222 | D:1      | Gained mutation: Armour fits poorly on your strangely shaped body. [potion of mutation]
   222 | D:1      | Gained mutation: You evolve. [potion of mutation]
   417 | D:1      | Reached skill level 1 in Dodging
   530 | D:1      | Reached XP level 2. HP: 19/20 MP: 2/2
   967 | D:2      | Reached XP level 3. HP: 25/25 MP: 3/3
  1205 | D:2      | Reached skill level 4 in Fighting
  1307 | D:2      | Reached XP level 4. HP: 27/31 MP: 4/4
  1719 | D:2      | Found a deep blue altar of Sif Muna.
  1923 | D:2      | Reached XP level 5. HP: 30/36 MP: 5/5
  2390 | D:3      | Noticed highc0's ghost (amateur HuAr)
  2406 | D:3      | Killed highc0's ghost
  2406 | D:3      | Reached skill level 5 in Fighting
  2406 | D:3      | Reached XP level 6. HP: 36/45 MP: 6/6
  2596 | D:3      | Reached skill level 6 in Fighting
  3115 | D:4      | Reached XP level 7. HP: 49/50 MP: 7/7
  3124 | D:4      | Reached skill level 5 in Armour
  3225 | D:4      | Found a glowing golden altar of the Shining One.
  3448 | D:4      | Found a white marble altar of Elyvilon.
  3448 | D:4      | Found a hide-covered altar of Uskayaw.
  3455 | D:4      | Became a worshipper of Elyvilon the Healer
  3522 | D:4      | Found a sacrificial altar of Ru.
  3718 | D:4      | Gained mutation: You are partially covered in large bone plates. (SH +4) [evolution]
  3738 | D:5      | Entered Level 5 of the Dungeon
  3833 | D:4      | Reached skill level 5 in Maces & Flails
  3970 | D:5      | Found a stormy altar of Qazlal.
  3987 | D:5      | Found an iron altar of Okawaru.
  4010 | D:5      | Found a staircase to the Ecumenical Temple.
  4030 | Temple   | Entered the Ecumenical Temple
  4277 | D:5      | Reached * piety under Elyvilon
  4537 | D:5      | Reached XP level 8. HP: 56/56 MP: 8/8
  4619 | D:5      | Found a basalt altar of Yredelemnul.
  4745 | D:6      | Reached ** piety under Elyvilon
  4815 | D:6      | Reached skill level 1 in Invocations
  4854 | D:6      | Found Emmypium's Antique Weapon Shop.
  4862 | D:6      | Bought a runed morningstar for 161 gold pieces
  5719 | D:7      | Reached skill level 5 in Invocations
  5791 | D:7      | Gained mutation: You are partially covered in yellow scales. (AC +2) [evolution]
  5864 | D:7      | Noticed Menkaure
  5872 | D:7      | Killed Menkaure
  5872 | D:7      | Reached XP level 9. HP: 48/60 MP: 13/13
  6268 | D:7      | Reached *** piety under Elyvilon
  6997 | D:8      | Noticed a two-headed ogre
  7008 | D:7      | Killed a two-headed ogre
  7008 | D:7      | Reached skill level 8 in Fighting
  7119 | D:8      | Found a shimmering altar of Xom.
  7147 | D:8      | Found a staircase to the Lair.
  7159 | D:8      | Reached skill level 9 in Fighting
  7389 | D:8      | Reached XP level 10. HP: 63/72 MP: 15/15
  7585 | D:8      | Noticed Psyche
  7589 | D:8      | Killed Psyche
  8049 | D:8      | Reached **** piety under Elyvilon
  8462 | Lair:1   | Entered Level 1 of the Lair of Beasts
  8711 | Lair:1   | Found a labyrinth entrance.
  8720 | Lab      | Entered a labyrinth
  9056 | Lab      | Noticed a minotaur
  9084 | Lab      | Killed a minotaur
  9084 | Lab      | Reached XP level 11. HP: 27/78 MP: 12/17
  9094 | Lab      | Found the +0 Maxwell's etheric cage {RegenMP+ *Contam rElec MP+4}
  9404 | Lair:1   | Noticed Gastronok
  9444 | Lair:1   | Killed Gastronok
  9444 | Lair:1   | Reached skill level 10 in Fighting
  9712 | Lair:1   | Reached skill level 11 in Fighting
  9838 | Lair:1   | Reached skill level 10 in Armour
 10176 | Lair:2   | Found a staircase to the Snake Pit.
 10203 | Lair:2   | Reached skill level 10 in Invocations
 10312 | Lair:2   | Reached XP level 12. HP: 82/88 MP: 19/19
 11153 | Lair:3   | Noticed a five-headed hydra
 11170 | Lair:3   | Killed a five-headed hydra
 11372 | Lair:3   | Noticed a seven-headed hydra
 11394 | Lair:3   | Killed a seven-headed hydra
 11407 | Lair:3   | Reached skill level 10 in Maces & Flails
 11574 | Lair:3   | Reached ***** piety under Elyvilon
 12566 | Lair:4   | Reached skill level 12 in Fighting
 12821 | Lair:4   | Noticed an eight-headed hydra
 12852 | Lair:4   | Killed an eight-headed hydra
 12855 | Lair:4   | Gained mutation: You possess an exceptional clarity of mind. [evolution]
 13076 | Lair:4   | Reached XP level 13. HP: 75/94 MP: 21/21
 13297 | Lair:4   | Found a staircase to the Swamp.
 13847 | Lair:5   | Found a shimmering altar of Xom.
 14376 | Lair:5   | Reached ****** piety under Elyvilon
 14633 | Lair:6   | Entered Level 6 of the Lair of Beasts
 14757 | Lair:5   | Gained mutation: You have an increased reservoir of magic. (+10% MP) [evolution]
 14810 | Lair:6   | Reached skill level 5 in Dodging
 14997 | Lair:6   | Reached skill level 13 in Fighting
 15278 | Lair:6   | Found a viscous altar of Jiyva.
 15278 | Lair:6   | Found a staircase to the Slime Pits.
 15577 | Lair:6   | Gained mutation: Your large and strong wings let you fly indefinitely. [Gargoyle growth]
 15577 | Lair:6   | Reached XP level 14. HP: 82/103 MP: 25/25
 17353 | D:9      | Found a flagged portal.
 17362 | Bailey   | Entered a bailey
 17429 | Bailey   | Reached skill level 14 in Fighting
 17431 | Bailey   | Found an iron altar of Okawaru.
 17891 | Bailey   | Found the +12 glaive of Prune {chop}
 18415 | D:9      | Found a roughly hewn altar of Beogh.
 18415 | D:9      | Found a staircase to the Orcish Mines.
 18806 | Orc:1    | Entered Level 1 of the Orcish Mines
 19197 | Orc:1    | Lost mutation: Armour fits poorly on your strangely shaped body. [evolution]
 19197 | Orc:1    | Lost mutation: You evolve. [end of evolution]
 19364 | Orc:2    | Entered Level 2 of the Orcish Mines
 19392 | Orc:2    | Noticed Saint Roka
 19533 | Orc:1    | Killed Saint Roka
 19773 | Orc:2    | Reached XP level 15. HP: 110/110 MP: 28/28
 19783 | Orc:2    | Noticed Blork the orc
 19783 | Orc:2    | Noticed Urug
 19819 | Orc:2    | Killed Urug
 19830 | Orc:2    | Killed Blork the orc
 19834 | Orc:2    | Noticed an orc warlord
 19865 | Orc:2    | Killed an orc warlord
 19969 | Orc:2    | Found a roughly hewn altar of Beogh.
 20153 | Orc:2    | Reached skill level 15 in Invocations
 20178 | Orc:2    | Found Latwed's Jewellery Shop.
 20188 | Orc:2    | Found Zaick's Antique Weapon Shop.
 20198 | Orc:2    | Found Wadetaus's Antique Armour Shop.
 20214 | Orc:2    | Found Xeolliewa's General Store.
 20255 | Orc:2    | Noticed Azrael
 20258 | Orc:2    | Killed Azrael
 20453 | Orc:2    | Bought a potion of heal wounds for 75 gold pieces
 20469 | Orc:2    | Bought a shiny helmet for 247 gold pieces
 20771 | Orc:2    | Found a staircase to the Elven Halls.
 20951 | Orc:1    | Found Vonaom's Armour Boutique.
 20963 | Orc:1    | Bought a +0 buckler for 58 gold pieces
 21123 | D:10     | Entered Level 10 of the Dungeon
 21709 | D:10     | Found Puzapif's Gadget Emporium.
 22146 | D:11     | Reached skill level 5 in Shields
 22186 | D:11     | Noticed Fannar
 22237 | D:11     | Killed Fannar
 22756 | D:11     | Found Cigruag's Weapon Shoppe.
 24186 | D:13     | Found a gate to the Vaults.
 24186 | D:13     | Noticed Rupert
 24283 | D:12     | Killed Rupert
 24502 | D:12     | Reached skill level 10 in Shields
 24893 | D:13     | Reached XP level 16. HP: 107/116 MP: 30/30
 27002 | D:14     | Got a scorched plate armour
 27003 | D:14     | Identified the cursed +0 plate armour of the Abyss {rElec MP-9 Str+4 Slay+3} (You found it on level 14 of the Dungeon)
 27067 | D:14     | Found an iron altar of Okawaru.
 27368 | D:15     | Entered Level 15 of the Dungeon
 27368 | D:15     | Found a staircase to the Depths.
 28962 | D:15     | Found a shadowy altar of Dithmenos.
 29222 | Swamp:1  | Entered Level 1 of the Swamp
 29222 | Swamp:1  | Noticed Josephine
 29301 | Lair:4   | Killed Josephine
 29484 | Swamp:1  | Noticed Louise
 29523 | Swamp:1  | Killed Louise
 29922 | Swamp:1  | Reached XP level 17. HP: 123/123 MP: 22/31
 30256 | Swamp:2  | Reached skill level 15 in Fighting
 31447 | Swamp:3  | Reached skill level 15 in Armour
 32182 | Swamp:4  | Entered Level 4 of the Swamp
 32496 | Swamp:4  | Noticed Mara
 32515 | Swamp:4  | Noticed Murumi's illusion
 32522 | Swamp:4  | Reached skill level 15 in Shields
 33196 | Swamp:4  | Killed Mara
 33967 | Swamp:4  | Noticed a bone dragon
 34018 | Swamp:4  | Killed a bone dragon
 34182 | Swamp:4  | Got a decaying rune of Zot
 34383 | Snake:1  | Entered Level 1 of the Snake Pit
 34456 | Snake:1  | Reached XP level 18. HP: 125/130 MP: 23/32
 35336 | Snake:1  | Found Gawocs's Specialty Armours.
 35827 | Snake:2  | Noticed hell0's ghost (adept GnVM)
 35894 | Snake:2  | Killed hell0's ghost
 35894 | Snake:2  | Reached skill level 16 in Fighting
 36717 | Snake:3  | Found Rixuar's Food Shop.
 37221 | Snake:3  | Found a stormy altar of Qazlal.
 37468 | Snake:4  | Entered Level 4 of the Snake Pit
 37834 | Snake:4  | Noticed Donald
 37835 | Snake:4  | Noticed Aizul
 37855 | Snake:4  | Killed Aizul
 37855 | Snake:4  | Reached XP level 19. HP: 98/137 MP: 25/34
 37872 | Snake:4  | Killed Donald
 38275 | Snake:4  | Reached skill level 17 in Fighting
 38617 | Snake:4  | Identified Lom Lobon's Guide on the Compass
 38712 | Snake:4  | Reached skill level 18 in Fighting
 38936 | Snake:4  | Got a serpentine rune of Zot
 39355 | Vaults:1 | Entered Level 1 of the Vaults
 39524 | Vaults:1 | Reached skill level 15 in Maces & Flails
 39964 | Vaults:1 | Reached XP level 20. HP: 119/149 MP: 26/35
 41374 | Vaults:2 | Noticed Margery
 41498 | Vaults:1 | Killed Margery
 43831 | Vaults:3 | Reached XP level 21. HP: 155/155 MP: 27/36
 44057 | Vaults:3 | Found Vawumuru's Antique Weapon Emporium.
 44493 | Vaults:3 | Found a staircase to the Crypt.
 46100 | Vaults:4 | Found the +8 glaive of the Guard {elec, +Rage AC+5 SInv}
 46306 | Vaults:5 | Entered Level 5 of the Vaults
 46596 | Vaults:4 | Reached XP level 22. HP: 161/161 MP: 29/38
 46988 | Vaults:5 | Reached skill level 19 in Fighting
 47155 | Vaults:5 | Noticed a golden dragon
 47748 | Vaults:5 | Reached skill level 20 in Fighting
 47754 | Vaults:5 | Noticed an ancient lich
 48005 | Vaults:5 | Noticed an ancient lich
 48084 | Vaults:5 | Noticed a golden dragon
 48507 | Vaults:5 | Noticed a caustic shrike
 48628 | Vaults:5 | Reached skill level 21 in Fighting
 48690 | Vaults:5 | Killed an ancient lich
 48698 | Vaults:5 | Reached XP level 23. HP: 100/176 MP: 25/39
 48704 | Vaults:5 | Killed an ancient lich
 48732 | Vaults:5 | Paralysed by a floating eye for 4 turns
 49316 | Vaults:5 | Killed a golden dragon
 49426 | Vaults:5 | Killed a golden dragon
 50002 | Vaults:5 | Got a silver rune of Zot
 50161 | Vaults:5 | Got a distressingly furry large shield
 50163 | Vaults:5 | Identified the +0 large shield "Neonyvic" {rElec rPois} (You acquired it on level 5 of the Vaults)
 50836 | D:4      | Fell from the grace of Elyvilon
 50836 | D:4      | Became a worshipper of the Shining One
 50836 | D:4      | Reached * piety under the Shining One
 50836 | D:4      | Reached ** piety under the Shining One
 50836 | D:4      | Reached *** piety under the Shining One
 51006 | Elf:1    | Entered Level 1 of the Elven Halls
 51068 | Elf:1    | Noticed Frances
 51075 | Elf:1    | Killed Frances
 51370 | Elf:1    | Found Xast's Antique Weapon Shop.
 51616 | Elf:1    | Reached **** piety under the Shining One
 51736 | Elf:1    | Found Bidav's Gadget Emporium.
 51736 | Elf:1    | Found Eklidghao's Jewellery Boutique.
 51751 | Elf:1    | Found Toocacs's Jewellery Boutique.
 51757 | Elf:1    | Bought a cursed ring of teleportation for 54 gold pieces
 51762 | Elf:1    | Bought the brooch of Shielding {Reflect SH+8} for 1275 gold pieces
 51762 | Elf:1    | Found the brooch of Shielding {Reflect SH+8}
 51865 | Elf:1    | You are sucked into a shaft!
 52184 | Elf:2    | Found a huge runed gate.
 52184 | Elf:2    | Found a huge runed gate.
 52184 | Elf:2    | Found a huge runed gate.
 52185 | Elf:2    | Found a huge runed gate.
 52186 | Elf:2    | Found a huge runed gate.
 52264 | Elf:2    | Reached XP level 24. HP: 182/182 MP: 31/40
 52475 | Elf:2    | Found Ereusuk's Antique Weapon Shoppe.
 54438 | Crypt:1  | Entered Level 1 of the Crypt
 54454 | Crypt:1  | Reached ***** piety under the Shining One
 54722 | Crypt:1  | Reached ****** piety under the Shining One
 54749 | Crypt:1  | Identified a +8 eveningstar of holy wrath (a +6 eveningstar of flaming blessed by the Shining One)
 54749 | Crypt:1  | Received a gift from the Shining One
 56014 | Crypt:3  | Entered Level 3 of the Crypt
 56509 | Crypt:3  | Found the +4 dagger "Morg" {pain, MR+ Int+5}
 56523 | Crypt:3  | Found an ancient bone altar of Kikubaaqudgha.
 56748 | Crypt:3  | Noticed an ancient lich
 56758 | Crypt:3  | Killed an ancient lich
 56758 | Crypt:3  | Reached XP level 25. HP: 188/188 MP: 31/40
 56765 | Crypt:3  | Identified the Handbook of Good Luck
 56766 | Crypt:3  | Noticed an ancient lich
 56766 | Crypt:3  | Noticed an ancient lich
 56773 | Crypt:3  | Killed an ancient lich
 56775 | Crypt:3  | Killed an ancient lich
 56779 | Crypt:3  | Got a coiled bronze ring
 56780 | Crypt:3  | Identified the ring "Koanodix" {rF+ rC+ rN+ Dex+3} (You found it on level 3 of the Crypt)
 56870 | Crypt:3  | Found a staircase to the Tomb.
 57517 | Elf:3    | Entered Level 3 of the Elven Halls
 59088 | Elf:3    | Got a shimmering tin ring
 59089 | Elf:3    | Identified the ring of Aguf {-Tele rN+ Str+4 Int+2 Stlth+} (You found it on level 3 of the Elven Halls)
 59136 | Elf:3    | Got a scintillating amber ring
 59137 | Elf:3    | Identified the ring "Pust" {rPois rC+ Int+4 Dex-5} (You found it on level 3 of the Elven Halls)
 59176 | Elf:3    | Found the +4 arc blade {discharge, rElec}
 59181 | Elf:3    | Identified Pyxyges's Catalogue of Mutagenic Aid
 59218 | Elf:3    | Got a slimy steel ring
 59243 | Elf:3    | Identified the cursed +0 pair of boots of Sovereignty {Str+7 Dex-3} (You found it on level 3 of the Elven Halls)
 59271 | Elf:3    | Identified the cursed ring "Peedysk" {rElec Dex+2 Slay-2} (You took it off a deep elf annihilator on level 3 of the Elven Halls)
 59565 | Depths:1 | Entered Level 1 of the Depths
 59648 | Depths:1 | Found a gateway to Hell.
 59667 | Depths:1 | Noticed Sojobo
 59693 | Depths:1 | Reached XP level 26. HP: 168/194 MP: 29/41
 59726 | Depths:1 | Killed Sojobo
 60296 | Depths:1 | Reached skill level 10 in Dodging
 60852 | Depths:2 | Identified the Tome of Shifting Darkness
 61104 | Depths:2 | Found a one-way gate to the infinite horrors of the Abyss.
 61215 | Depths:2 | Found Fagiaczu's Jewellery Emporium.
 61277 | Depths:2 | Reached skill level 22 in Fighting
 61786 | Depths:3 | Found a one-way gate leading to the halls of Pandemonium.
 61847 | Depths:3 | Found a gateway to a ziggurat.
 61873 | Depths:3 | Found a shattered altar of Ashenzari.
 61873 | Depths:3 | Found a blossoming altar of Fedhas.
 61874 | Depths:3 | Found an ancient bone altar of Kikubaaqudgha.
 62263 | Depths:3 | Paralysed by a floating eye for 3 turns
 62346 | Depths:3 | Reached XP level 27. HP: 197/202 MP: 32/41
 62410 | Depths:3 | Identified the cursed +0 plate armour of Nuit {MR+ Str+5} (You found it on level 3 of the Depths)
 62472 | Depths:3 | Paralysed by a floating eye for 4 turns
 62480 | Depths:3 | Paralysed by a floating eye for 2 turns
 62783 | Depths:3 | Gained mutation: You are weak. (Str -2) [a shining eye]
 63011 | Depths:3 | Upgraded the game from 0.22-a0-271-gc000056a37 to 0.22-a0-273-g3d7ae589ec
 63626 | Depths:4 | Noticed Xtahua
 63669 | Depths:4 | Found the ring of Robustness {AC+8}
 63691 | Depths:3 | Killed Xtahua
 63902 | Depths:4 | Noticed NihilVerum's ghost (veteran DsNe)
 63938 | Depths:4 | Killed NihilVerum's ghost
 64721 | Depths:4 | Found the +4 Vampire's Tooth {vamp}
 64947 | Depths:5 | Entered Level 5 of the Depths
 65089 | Depths:5 | Reached skill level 23 in Fighting
 65554 | Depths:5 | Gained mutation: You occasionally shout uncontrollably at your foes. [a neqoxec]
 65722 | Depths:5 | Found a huge runed gate.
 65722 | Depths:5 | Found a huge runed gate.
 65808 | Depths:5 | Found a huge runed gate.
 65808 | Depths:5 | Found a huge runed gate.
 65830 | Depths:5 | Found a huge runed gate.
 65830 | Depths:5 | Found a huge runed gate.
 65830 | Depths:5 | Found a huge runed gate.
 65831 | Depths:5 | Found a huge runed gate.
 65835 | Depths:5 | Found a huge runed gate.
 65835 | Depths:5 | Found a huge runed gate.
 65835 | Depths:5 | Found a huge runed gate.
 66056 | Depths:5 | Found a gate to the Realm of Zot.
 66214 | Depths:5 | Found a huge runed gate.
 66215 | Depths:5 | Found a huge runed gate.
 66215 | Depths:5 | Found a huge runed gate.
 66216 | Depths:5 | Found a huge runed gate.
 66216 | Depths:5 | Found a huge runed gate.
 66219 | Depths:5 | Noticed a juggernaut
 66219 | Depths:5 | Noticed a juggernaut
 66220 | Depths:5 | Noticed an ancient lich
 66220 | Depths:5 | Noticed a juggernaut
 66315 | Depths:5 | Killed an ancient lich
 66357 | Depths:5 | Killed a juggernaut
 66367 | Depths:5 | Lost mutation: You are robust. (+10% HP) [a cacodemon]
 66368 | Depths:5 | Lost mutation: You possess an exceptional clarity of mind. [a cacodemon]
 66371 | Depths:5 | Killed a juggernaut
 66380 | Depths:5 | Killed a juggernaut
 67045 | Depths:5 | Found a gate to the Realm of Zot.
 67211 | Zot:1    | Entered Level 1 of the Realm of Zot
 67253 | Zot:1    | Noticed an orb of fire
 67887 | Zot:1    | Gained mutation: Armour fits poorly on your strangely shaped body. [an orb of fire]
 67900 | Zot:1    | Killed an orb of fire
 71374 | Zot:4    | Reached skill level 24 in Fighting
 71841 | Zot:4    | Reached skill level 25 in Fighting
 73145 | Zot:5    | Entered Level 5 of the Realm of Zot
 73557 | Zot:5    | Noticed an ancient lich
 73568 | Zot:5    | Killed an ancient lich
 73608 | Zot:5    | Noticed an ancient lich
 73621 | Zot:5    | Noticed an orb of fire
 73622 | Zot:5    | Killed an ancient lich
 73630 | Zot:5    | Noticed an orb of fire
 73634 | Zot:5    | Gained mutation: You are clumsy. (Dex -2) [an orb of fire]
 73638 | Zot:5    | Gained mutation: You sometimes yell uncontrollably at your foes. [an orb of fire]
 73639 | Zot:5    | Gained mutation: You tend to lose your temper in combat. [an orb of fire]
 73640 | Zot:5    | Lost mutation: You have an increased reservoir of magic. (+10% MP) [an orb of fire]
 73642 | Zot:5    | HP: 2/193 [orb of fire/bolt of fire (15)]
 73645 | Zot:5    | Gained mutation: You are frail. (-10% HP) [an orb of fire]
 73650 | Zot:5    | HP: 7/173 [orb of fire/bolt of fire (15)]
 73651 | Zot:5    | Gained mutation: Your body sometimes deteriorates upon taking damage. [an orb of fire]
 73652 | Zot:5    | Killed an orb of fire
 73653 | Zot:5    | Killed from afar by an orb of fire

Vault maps used:
D:1:      lightli_arrival_maybe_door_vault
D:2:      wad_river_or_something, lemuel_blue_sif_altar, kennysheep_crisscross
D:3:      first_ration, lexackson_kobold_supper
D:4:      corexii_shack_village, marbit_many_paths,
          nicolae_tso_swordbearing_angel, gammafunk_temple_overflow_pools,
          nrook_mini_vaults
D:5:      minitemple, minmay_temple_entry_large_hall, yredelemnul_altar_generic
D:6:      serial_shops, nicolae_shop_overgrown_old_shop
D:7:      uniq_menkaure
D:8:      xom_butterflies, minmay_lair_entry_grove, grunt_ogre_cave, uniq_psyche
D:9:      david_orc_5, enter_bailey_2
D:10:     serial_shops, shop, kennysheep_generic_room_4
D:11:     serial_shops, nicolae_shop_behind_doors, st_stairs_14, uniq_fannar
D:13:     minmay_box_of_statues, david_vaults_3
D:14:     evilmike_iron_armoury
D:15:     gammafunk_depths_entry_grave, grunt_dithmenos_smoke
Temple:   eino_temple_water
Lair:1:   lab_entry_generic, grunt_megastairs_3, uniq_gastronok
Lair:2:   dummy_snake_entry
Lair:4:   swamp_mist, grunt_megastairs_5, infiniplex_staircase_pool_2
Lair:5:   basic_altar, lemuel_fruit_tree
Lair:6:   evilmike_catoblepas_cave, dpeg_slime_entry_enclosed_altar,
          serial_bayou_pond_d, kennysheep_abandoned_house
Swamp:1:  evilmike_swamp_ruin_house_3, uniq_josephine, uniq_louise
Swamp:2:  serial_swamp_ruin, evilmike_swamp_ruin_house_1,
          evilmike_swamp_ruin_house_5, evilmike_swamp_ruin_rubble_1,
          infiniplex_staircase_pool
Swamp:3:  evilmike_swamp_ruin_house_4
Swamp:4:  swamp_pestilence, swamp_pool1, uniq_mara
Snake:1:  nicolae_barding_shop, grunt_megastairs_2
Snake:3:  serial_shops, shop, basic_altar
Snake:4:  johnstein_snake_rune_scales, uniq_donald, uniq_aizul
Orc:1:    serial_shops, shop, sword_in_stone
Orc:2:    grunt_orc_cross, serial_shops, bzr_entry_gold, uniq_azrael,
          uniq_saint_roka
Elf:1:    eino_elf_arrival_customs, serial_shops, nicolae_shop_waterfront,
          hangedman_elven_crosses_minicolossus,
          einodemon_armed_red_devil_minivault, minmay_shop_grove, uniq_frances
Elf:2:    serial_shops, shop_fountains, grunt_ministairs_14, minivault_16
Elf:3:    minmay_elf_hall_hex
Vaults:1: nicolae_vaults_shelves_hall, v_misc_13, ontoclasm_vaults_spin,
          vaults_mumra_bighexcomb, ontoclasm_vaults_tryst, v_rooms_4, v_misc_29,
          vaults_dpeg_hooks, nicolae_vaults_three_branches,
          nicolae_vaults_little_ls, v_alt_pattern_4,
          nicolae_vaults_little_squares_3, v_alt_pattern_6, vaults_room_hallway
Vaults:2: v_pattern_5, ontoclasm_vaults_ring_square,
          vaults_room_grunt_arrival_ludios, nicolae_vaults_big_angled_halls,
          v_misc_5, nicolae_vaults_rhombus_7, ontoclasm_vaults_chip,
          nicolae_vaults_murderbox, uniq_margery
Vaults:3: grunt_vaults_bifocal, nicolae_vaults_little_squares_2,
          vaults_room_stairs_pillars, minmay_crypt_entry_skeletal_spiral,
          dpeg_vaults_monster_box, ontoclasm_vaults_decontamination, v_misc_22,
          nicolae_vaults_mini_display_case, serial_shops, shop
Vaults:4: v_misc_26, vaults_dpeg_spiral, minmay_guarded_unrand_guard_vaults,
          grunt_vaults_hallway_short, v_misc_22, vaults_room_hallway,
          vaults_room_door_ring, nicolae_vaults_circle_grid_b,
          dpeg_vaults_monster_row, nicolae_vaults_little_squares_6, v_misc_17
Vaults:5: serial_shops
Crypt:1:  roderic_lattice_octagonal_star
Crypt:3:  david_glass_crypt, nicolae_tomb_entry_unfolded_pyramid_orthogonal,
          basic_altar
Depths:1: serial_sigils_hangedman_gnaw, hell_entry, dk_noncrumbling_3,
          nicolae_lava_and_water, roderic_roman_lattice,
          minmay_misc_feat_four_crosses, kennysheep_potato, uniq_sojobo
Depths:2: kennysheep_windowed_halls, serial_shops, shop_fountains, hell_entry,
          hangedman_abyss_entry_splay, minmay_misc_feat_rows,
          kennysheep_generic_room_6
Depths:3: hangedman_slaughterboxes, pan_entry, hell_entry
Depths:4: hourglass_vault, hell_entry, nicolae_twisting_strands, abyss_entry,
          serial_bayou_shore_a, infiniplex_staircase_door_maze, uniq_xtahua
Depths:5: evilmike_zot_entry_round, abyss_entry_crystal, rand_demon_pan_entry_1,
          hell_entry, door_vault
Zot:1:    st_small_dragon_hoard_3, zot_minivault_6
Zot:4:    lemuel_acid_trip, hangedman_zot_decor_scrapings, zot_minivault_1
Lab:      labyrinth_mini_lab, labyrinth_skeletal_remains
Bailey:   bailey_axe_of_yendor_kennysheep, bailey

Skill      XL: |  1  2  3  4  5  6  7  8  9 10 11 12 13 14 15 16 17 18 19 20 21 22 23 24 25 26 27 |
---------------+----------------------------------------------------------------------------------+-----
Dodging        | 1 2 3 4 5 6 7 8 9 10 12 | 12.0
Maces & Flails | 3 4 6 8 9 10 11 12 13 14 15 17 18 19 23 | 23.0
Fighting       | 4 5 6 9 11 12 13 14 15 16 18 21 22 25 | 25.0
Armour         | 4 5 6 7 9 10 12 13 14 15 16 18 19 20 21 22 24 | 24.0
Invocations    | 6 7 9 10 11 12 14 15 16 17 18 19 20 21 24 | 24.0
Shields        | 10 14 16 17 18 19 20 21 24 | 24.2

Action                   |  1- 3 |  4- 6 |  7- 9 | 10-12 | 13-15 | 16-18 | 19-21 | 22-24 | 25-27 || total
-------------------------+-------+-------+-------+-------+-------+-------+-------+-------+-------++-------
Melee: Flail             |   111 |   224 |   161 |       |       |       |       |       |       ||   496
       Dire flail        |       |       |   127 |   464 |  1388 |       |       |       |       ||  1979
       Morningstar       |       |       |       |       |   781 |  2115 |       |       |       ||  2896
       Eveningstar       |       |       |       |       |       |   259 |  1655 |  1414 |  3059 ||  6387
Throw: Stone             |    60 |    56 |   143 |   199 |   579 |   661 |   244 |   219 |   461 ||  2622
Invok: Lesser Healing    |       |       |     2 |     3 |    21 |     4 |     8 |     5 |       ||    43
       Greater Healing   |       |       |       |     4 |     3 |    12 |    10 |     9 |       ||    38
       Divine Vigour     |       |       |       |       |       |     1 |       |       |       ||     1
       Brand Weapon With |       |       |       |       |       |       |       |     1 |       ||     1
       Divine Shield     |       |       |       |       |       |       |       |       |    12 ||    12
       Summon Divine War |       |       |       |       |       |       |       |       |     1 ||     1
       Cleansing Flame   |       |       |       |       |       |       |       |       |    13 ||    13
 Abil: Fly               |       |       |       |       |     1 |       |       |     1 |     3 ||     5
       Stop Flying       |       |       |       |       |       |       |       |     1 |     3 ||     4
Evoke: Wand              |       |       |       |       |       |       |       |     1 |       ||     1
  Use: Scroll            |     9 |     2 |     7 |     6 |     7 |    12 |     5 |     5 |    24 ||    77
       Potion            |     1 |       |       |     1 |     1 |     3 |       |     1 |     3 ||    10
 Stab: Distracted        |       |       |     1 |       |       |       |       |       |       ||     1
       Petrified         |       |       |       |       |    10 |       |       |       |       ||    10
       Petrifying        |       |       |       |       |     1 |       |       |       |       ||     1
  Eat: Chunk             |     1 |     7 |     7 |    17 |    38 |    35 |    21 |    22 |    45 ||   193
       Ration            |       |       |     2 |     1 |     2 |     5 |     4 |     4 |     5 ||    23
Armor: Scale mail        |    89 |    80 |       |       |       |       |       |       |       ||   169
       Chain mail        |       |    98 |    36 |       |       |       |       |       |       ||   134
       Plate armour      |       |       |   135 |   238 |  1075 |  1428 |   705 |   585 |   679 ||  4845
       Gold dragon scale |       |       |       |       |       |       |       |       |   408 ||   408
Dodge: Dodged            |    76 |   148 |    75 |   113 |   511 |   725 |   363 |   319 |   667 ||  2997
       Deflected         |       |       |       |       |    16 |    48 |    51 |    36 |    76 ||   227
Block: Shield            |     7 |       |       |       |       |  1159 |  1866 |  1484 |  3586 ||  8102
       Other             |       |       |    40 |   131 |   471 |       |       |       |       ||   642
       Reflection        |       |       |       |       |    47 |   149 |   164 |   127 |   185 ||   672
       Buckler           |       |       |       |       |   636 |  1514 |       |       |       ||  2150

Table legend:
 A = Spawn XP
 B = Non-spawn XP
 C = Spawn XP percentage of total XP
 D = Spawn monster count
 E = Non-spawn monster count
 F = Spawn count percentage of total count
 G = Total turns spent on level
                    A         B        C        D         E        F      G
               +---------+---------+-------+---------+---------+-------+---------
         Total |       0 | 2010076 |   0.0 |       0 |    2767 |   0.0 | 73653
               +---------+---------+-------+---------+---------+-------+---------
           D:1 |       0 |      10 |   0.0 |       0 |       7 |   0.0 |   712
           D:2 |       0 |     158 |   0.0 |       0 |      33 |   0.0 |  1225
           D:3 |       0 |     430 |   0.0 |       0 |      40 |   0.0 |  1164
           D:4 |       0 |     308 |   0.0 |       0 |      18 |   0.0 |   878
           D:5 |       0 |     379 |   0.0 |       0 |       7 |   0.0 |   646
           D:6 |       0 |     570 |   0.0 |       0 |      11 |   0.0 |   955
           D:7 |       0 |    1654 |   0.0 |       0 |      25 |   0.0 |  1417
           D:8 |       0 |    4315 |   0.0 |       0 |      37 |   0.0 |  1778
           D:9 |       0 |    3911 |   0.0 |       0 |      41 |   0.0 |  1177
          D:10 |       0 |    2544 |   0.0 |       0 |      25 |   0.0 |  1053
          D:11 |       0 |    5499 |   0.0 |       0 |      33 |   0.0 |   995
          D:12 |       0 |   17720 |   0.0 |       0 |      70 |   0.0 |  1726
          D:13 |       0 |   13497 |   0.0 |       0 |      46 |   0.0 |  1160
          D:14 |       0 |   20360 |   0.0 |       0 |      71 |   0.0 |  2335
          D:15 |       0 |   10402 |   0.0 |       0 |      28 |   0.0 |  1018
        Lair:1 |       0 |    7484 |   0.0 |       0 |      19 |   0.0 |  1139
        Lair:2 |       0 |    3772 |   0.0 |       0 |      13 |   0.0 |  1044
        Lair:3 |       0 |    5533 |   0.0 |       0 |      17 |   0.0 |  1398
        Lair:4 |       0 |   11664 |   0.0 |       0 |      39 |   0.0 |  1932
        Lair:5 |       0 |    5534 |   0.0 |       0 |      23 |   0.0 |   831
        Lair:6 |       0 |   29183 |   0.0 |       0 |     101 |   0.0 |  2660
       Swamp:1 |       0 |   10408 |   0.0 |       0 |      23 |   0.0 |   825
       Swamp:2 |       0 |    9749 |   0.0 |       0 |      31 |   0.0 |  1026
       Swamp:3 |       0 |   15863 |   0.0 |       0 |      37 |   0.0 |   935
       Swamp:4 |       0 |   33977 |   0.0 |       0 |      81 |   0.0 |  2090
       Snake:1 |       0 |   23039 |   0.0 |       0 |      35 |   0.0 |  1485
       Snake:2 |       0 |   18026 |   0.0 |       0 |      24 |   0.0 |   836
       Snake:3 |       0 |   15623 |   0.0 |       0 |      29 |   0.0 |   878
       Snake:4 |       0 |   67882 |   0.0 |       0 |     113 |   0.0 |  1614
         Orc:1 |       0 |    9215 |   0.0 |       0 |      43 |   0.0 |  1017
         Orc:2 |       0 |   13233 |   0.0 |       0 |      68 |   0.0 |  1405
         Elf:1 |       0 |   37234 |   0.0 |       0 |      63 |   0.0 |  1369
         Elf:2 |       0 |   57841 |   0.0 |       0 |      76 |   0.0 |  1820
         Elf:3 |       0 |   82414 |   0.0 |       0 |      81 |   0.0 |  1470
      Vaults:1 |       0 |   65738 |   0.0 |       0 |     121 |   0.0 |  2199
      Vaults:2 |       0 |   42093 |   0.0 |       0 |      73 |   0.0 |  1972
      Vaults:3 |       0 |   47046 |   0.0 |       0 |      73 |   0.0 |  1693
      Vaults:4 |       0 |  138343 |   0.0 |       0 |     147 |   0.0 |  3840
      Vaults:5 |       0 |  115754 |   0.0 |       0 |      90 |   0.0 |  1911
       Crypt:1 |       0 |   40188 |   0.0 |       0 |      56 |   0.0 |   877
       Crypt:2 |       0 |   22044 |   0.0 |       0 |      36 |   0.0 |   809
       Crypt:3 |       0 |   69651 |   0.0 |       0 |      53 |   0.0 |  1035
      Depths:1 |       0 |   67081 |   0.0 |       0 |      86 |   0.0 |  1205
      Depths:2 |       0 |   50700 |   0.0 |       0 |      56 |   0.0 |   868
      Depths:3 |       0 |  153613 |   0.0 |       0 |     134 |   0.0 |  1971
      Depths:4 |       0 |   76127 |   0.0 |       0 |      73 |   0.0 |  1422
      Depths:5 |       0 |  133257 |   0.0 |       0 |      80 |   0.0 |  2333
         Zot:1 |       0 |  125208 |   0.0 |       0 |      53 |   0.0 |  1355
         Zot:2 |       0 |   68179 |   0.0 |       0 |      39 |   0.0 |  1499
         Zot:3 |       0 |   60956 |   0.0 |       0 |      31 |   0.0 |  1439
         Zot:4 |       0 |  121683 |   0.0 |       0 |      93 |   0.0 |  1494
         Zot:5 |       0 |   67381 |   0.0 |       0 |      20 |   0.0 |   502
           Lab |       0 |    1223 |   0.0 |       0 |       1 |   0.0 |   383
        Bailey |       0 |    4380 |   0.0 |       0 |      44 |   0.0 |   609
               +---------+---------+-------+---------+---------+-------+---------
